 Dungeon Crawl Stone Soup version 0.20.1-1-g8b1a95d (webtiles) character file.

362 dohliylev the Covert (level 6, -4/42 HPs)
             Began as a Vampire Enchanter on July 11, 2017.
             Killed by divine providence
             ... invoked by an orc priest
              (15 damage)
             ... on level 3 of the Dungeon.
             The game lasted 00:09:00 (2477 turns).

dohliylev the Covert (Vampire Enchanter)            Turns: 2477, Time: 00:09:01

Health: -4/42      AC:  5    Str:  7    XL:     6   Next: 39%
Magic:  4/9        EV: 13    Int: 19    God:
Gold:   202        SH:  0    Dex: 15    Spells: 6/9 levels left

rFire    + . .     SeeInvis +   a - +3 dagger
rCold    + + +     Gourm    .   (no shield)
rNeg     + + .     Faith    .   q - +2 robe {rC+ rF+}
rPois    +         Spirit   .   (no helmet)
rElec    .         Reflect  .   i - +0 cloak
rCorr    .         Harm     .   (no gloves)
MR       .....                  (no boots)
Stlth    +++++.....             (no amulet)
Regen    0.1/turn               h - ring of protection from cold
MPRegen  0.2/turn               (no ring)

@: regenerating slowly
A: fangs 3, see invisible, unbreathing
a: Bat Form


You were on level 3 of the Dungeon.
You were very thirsty.

You visited 1 branch of the dungeon, and saw 3 of its levels.

You collected 202 gold pieces.

Inventory:

Hand Weapons
 a - a +3 dagger (weapon)
Armour
 i - a +0 cloak (worn)
 q - a +2 robe of resistance (worn)
Jewellery
 h - a ring of protection from cold (left hand)
Scrolls
 e - 2 scrolls of remove curse {unknown}
 f - 8 scrolls of identify {unknown}
 j - 4 scrolls of teleportation {unknown}
 m - a scroll of enchant armour {unknown}
 n - a scroll of amnesia {unknown}
 o - a scroll of magic mapping {unknown}
 p - a scroll of random uselessness {unknown}
Potions
 d - 27 potions of blood
 g - 2 potions of curing {unknown}
 k - 2 potions of haste {unknown}
 l - a potion of ambrosia {unknown}
Books
 c - a book of Maledictions

   Spells                             Type                      Level
   a - Corona                         Hexes                        1
   b - Ensorcelled Hibernation        Hexes/Ice                    2
   c - Confuse                        Hexes                        3
   d - Tukima's Dance                 Hexes                        3
   e - Dazzling Spray                 Conjuration/Hexes            3


   Skills:
 + Level 0.8 Fighting
 * Level 2.3 Short Blades
 + Level 2.3 Dodging
 + Level 9.0 Stealth
 + Level 2.2 Spellcasting
 + Level 6.0 Hexes
 + Level 1.1 Ice Magic


You had 6 spell levels left.
You knew the following spells:

 Your Spells              Type           Power        Failure   Level  Hunger
a - Corona                Hex            ####...      1%          1    #......
b - Ensorcelled Hibernat  Hex/Ice        ###...       6%          2    ##.....


Dungeon Overview and Level Annotations

Branches:
Dungeon (3/15)

Altars:
Yredelemnul


Innate Abilities, Weirdness & Mutations

You heal slowly.
You have razor-sharp teeth.
You have supernaturally acute eyesight. (SInv)
You can survive without breathing.


Message History

Casting: Ensorcelled Hibernation
Confirm with . or Enter, or press ? or * to list all spells.
Aiming: Ensorcelled Hibernation
Press: ? - help, Shift-Dir - straight line, f/p - orc
Aim: an orc, wielding a short sword and wearing a runed scale mail (chance to defeat MR: 63%)
The orc looks drowsy...
The orc priest shouts!
The orc shouts!
The orc priest calls down the wrath of Beogh upon you.
Beogh smites you!
The orc priest calls down the wrath of Beogh upon you.
Beogh smites you!
You hit the orc.
The orc is moderately wounded.
The orc misses you.
The orc priest invokes the aid of Beogh against you.
Beogh smites you!
* * * LOW HITPOINT WARNING * * *
The orc priest mumbles some strange prayers to Beogh against you.
Beogh smites you!
You die...

..#.##.#..#.#####.# #.##.#
..#.##.#.....####.######.##.#
..#.##.#....................# ###
..#.##.#.#..........####.##.###.≈
..#.##..###.#.o.....####.####..≈.
..#....## ##....o.......####....≈
..####<.###.#...o...#.#........≈≈
.....[...#...>......#.#........≈≈
######.##.###...@.....##.......≈≈
#.#### ####..###.######..... #.#
#..# #.###..##..≈≈ ##.## #..#
#.......###≈≈ ##...##
#..###.####.#.#### ##.#.#)##
#......# #.#.# ##)##.##.###
#..##..# #.#.#
#.###......####..##..# #...####
##.#####.#...÷.......# #.#.##..


You could see an orc priest and 2 orcs.

Vanquished Creatures
  Sigmund (D:3)
  A jelly (D:3)
  Jessica (D:3)
  Natasha (thrice) (D:3)
  An adder (D:2)
  A worm (D:2)
  A dart slug (D:3)
  3 orcs (D:3)
  2 giant cockroaches
  14 hobgoblins
  A ball python (D:3)
  4 bats
  4 frilled lizards
  9 goblins
  7 kobolds
  4 rats
57 creatures vanquished.

Notes
Turn   | Place    | Note
-------+----------+-------------------------------------------
     0 | D:1      | dohliylev the Vampire Enchanter began the quest for the Orb.
     0 | D:1      | Reached XP level 1. HP: 13/13 MP: 3/3
   188 | D:1      | Reached XP level 2. HP: 19/19 MP: 5/5
   192 | D:1      | Learned a level 2 spell: Ensorcelled Hibernation
   279 | D:1      | Reached skill level 5 in Stealth
   945 | D:2      | Reached skill level 6 in Stealth
   945 | D:2      | Reached XP level 3. HP: 24/24 MP: 6/6
   973 | D:2      | Found a basalt altar of Yredelemnul.
   984 | D:2      | Reached skill level 5 in Hexes
  1467 | D:3      | Reached skill level 7 in Stealth
  1467 | D:3      | Reached XP level 4. HP: 30/30 MP: 7/7
  1565 | D:3      | Noticed Sigmund
  1736 | D:3      | Noticed Jessica
  1765 | D:3      | Killed Jessica
  1860 | D:3      | Noticed Natasha
  1867 | D:3      | Killed Natasha
  1867 | D:3      | Reached XP level 5. HP: 34/35 MP: 8/8
  2007 | D:3      | Noticed Natasha
  2033 | D:3      | Killed Natasha
  2331 | D:3      | Reached skill level 1 in Ice Magic
  2388 | D:3      | Killed Sigmund
  2388 | D:3      | Reached skill level 8 in Stealth
  2388 | D:3      | Reached XP level 6. HP: 42/42 MP: 6/9
  2427 | D:3      | Noticed Natasha
  2431 | D:3      | Killed Natasha
  2431 | D:3      | Reached skill level 9 in Stealth
  2477 | D:3      | Killed from afar by an orc priest

Skill      XL: |  1  2  3  4  5  6 |
---------------+-------------------+-----
Stealth        | 6 7 8 9 |  9.0
Hexes          | 5 6 |  6.0
Ice Magic      | 1 |  1.1
Short Blades   | 2 |  2.3
Fighting       | |  0.8
Dodging        | |  2.3
Spellcasting   | |  2.2

Action                   |  1- 3 |  4- 6 || total
-------------------------+-------+-------++-------
Melee: Dagger            |    82 |    46 ||   128
       Bite              |     5 |       ||     5
 Cast: Ensorcelled Hiber |    11 |    17 ||    28
 Abil: End Transformatio |       |     1 ||     1
       Bat Form          |       |     1 ||     1
  Use: Potion            |       |     2 ||     2
 Stab: Sleeping          |    23 |    13 ||    36
Armor: Robe              |     5 |     9 ||    14
Dodge: Dodged            |    32 |    24 ||    56
